 Dungeon Crawl Stone Soup version 0.24-a0-317-g5cb8de4 (webtiles) character file.

Game seed: 6349208100181279098

49 mhoghedin the Insei (level 3, -1/27 HPs)
             Began as a Demigod Transmuter on May 16, 2019.
             Slain by a worm (2 damage)
             ... on level 2 of the Dungeon.
             The game lasted 00:02:50 (1509 turns).

mhoghedin the Insei (Demigod Transmuter)            Turns: 1509, Time: 00:02:50

Health: -1/27      AC:  2    Str: 15    XL:     3   Next: 32%
Magic:  8/8        EV: 12    Int: 17    God:
Gold:   14         SH:  0    Dex: 16    Spells: 2/5 levels left

rFire    . . .     SeeInvis .   j - +4 hand axe
rCold    . . .     Gourm    .   (no shield)
rNeg     . . .     Faith    .   b - +0 robe
rPois    .         Spirit   .   i - +0 hat
rElec    .         Reflect  .   (no cloak)
rCorr    .         Harm     .   (no gloves)
MR       .....                  (boots currently unavailable)
Stlth    +.........             (no amulet)
HPRegen  0.09/turn              (no ring)
MPRegen  0.11/turn              (no ring)

@: appendage (expiring)
A: talons 3, high mp 1
a: End Transformation


You were on level 2 of the Dungeon.
You were not hungry.
You had grown temporary talons.
You visited 1 branch of the dungeon, and saw 2 of its levels.

You collected 14 gold pieces.

Inventory:

Hand Weapons
 j - a +4 hand axe (weapon)
   (You found it on level 1 of the Dungeon)
Missiles
 a - 38 arrows
Armour
 b - a +0 robe (worn)
 i - a +0 hat (worn)
   (You found it on level 1 of the Dungeon)
Scrolls
 c - 2 scrolls of random uselessness {unknown}
 e - 2 scrolls of identify {unknown}
 g - a scroll of immolation {unknown}
 k - a scroll of noise {unknown}
 m - a scroll of enchant armour {unknown}
Potions
 f - a potion of lignification {unknown}
 h - a potion of heal wounds {unknown}
Comestibles
 d - 4 rations


   Skills:
 - Level 0.8 Fighting
 - Level 1.7 Dodging
 + Level 4.2 Unarmed Combat
 - Level 1.7 Spellcasting
 - Level 1.7 Transmutations


You had 2 spell levels left.
You knew the following spells:

 Your Spells              Type           Power        Failure   Level  Hunger
a - Beastly Appendage     Tmut           #.....       10%         1    #......
s - Sticks to Snakes      Tmut           #.......     14%         2    ###....

Your spell library contained the following spells:

 Spells                   Type           Power        Failure   Level  Hunger
 Spider Form              Tmut/Pois      #.........   38%         3    ###....
 Ice Form                 Ice/Tmut       #.......     80%         4    #####..
 Blade Hands              Tmut           #.........   95%         5    ######.


Dungeon Overview and Level Annotations

Branches:
Dungeon (2/15)


Innate Abilities, Weirdness & Mutations

You have an increased reservoir of magic. (+10% MP)
You have claws for feet.


Message History

Your magical contamination has completely faded away.
MP restored: 8 A goblin is nearby!
No target in view!
No target in view!
No target in view!
A goblin comes into view. It is wielding a +0 dagger.
The goblin shouts! x2
You miscast Beastly Appendage.
You are very lightly contaminated with residual magic.
You smell something strange.
You now have 7/8 mp.
You grow a pair of large bovine horns.
You now have 6/8 mp.
The goblin hits you with a +0 club.
You take 1 damage, and have 26/27 hp.
You barely miss the goblin. You hit the goblin but do no damage.
The goblin closely misses you. The goblin hits you but does no damage.
You hit the goblin.
You kill the goblin!
You hit the goblin. The goblin hits you with a +0 club.
You take 4 damage, and have 22/27 hp.
You closely miss the goblin. The goblin barely misses you.
You slash the goblin!
You kill the goblin!
No target in view!
No target in view!
No target in view!
No target in view!
No target in view!
No target in view!
No target in view!
No target in view!
No target in view!
No target in view!
No target in view!
You see here a +0 dagger.
Your transformation is almost over.
A giant cockroach comes into view.
A giant cockroach is nearby!
A giant cockroach is nearby!
Your horns disappear.
MP restored: 8 You slash the giant cockroach!
You kill the giant cockroach!
No target in view!
No target in view!
No target in view!
No target in view!
No target in view!
No target in view!
No target in view!
No target in view!
No target in view!
Your magical contamination has completely faded away.
No target in view!
You see here a +0 club.
You are feeling very hungry.
Unknown command.
Health restored: 27 You butcher the hobgoblin corpse.
l - 4 chunks of flesh {@w0} You see here a hobgoblin skeleton. x2
Eating one of 4 chunks of flesh {@w0}.
You eat one of the 4 chunks of flesh {@w0}.
All of the chunks of flesh in your inventory have rotted away.
Done exploring.
Done exploring.
No target in view!
Done exploring.
Done exploring.
(D) Dungeon
Where to? (? - help)
You see here a bat skeleton.
There is a stone staircase leading down here.
You climb downwards. 2 worms come into view.
There is a stone staircase leading up here.
There are monsters nearby!
Your feet morph into talons.
You now have 7/8 mp.
You slash the worm! You hit the worm. The worm bites you!
The worm barely misses you.
You take 10 damage, and have 17/27 hp.
MASSIVE DAMAGE!!
You hit the worm. You claw the worm. You hit the worm.
The worm bites you but does no damage. The worm barely misses you.
You barely miss the worm. You claw the worm. You hit the worm.
The worm bites you!
* * * LOW HITPOINT WARNING * * *
You take 12 damage, and have 5/27 hp.
MASSIVE DAMAGE!!
You hit the worm.
You kill the worm!
You hit the worm. You hit the worm. The worm bites you.
* * * LOW HITPOINT WARNING * * *
You take 4 damage, and have 1/27 hp.
You completely miss the worm. Your kick misses the worm. The worm bites you.
You die...

#########
#...†...#
#...@w..#
#.......#
#.......#
####..###
#...
..)..
#.### #.#


You could see a worm.

Vanquished Creatures
  A worm (D:2)
  3 dart slugs (D:1)
  A leopard gecko (D:1)
  A giant cockroach (D:1)
  10 goblins (D:1)
  4 hobgoblins (D:1)
  2 ball pythons (D:1)
  5 bats (D:1)
  A frilled lizard (D:1)
  2 kobolds (D:1)
  5 rats (D:1)
35 creatures vanquished.

Notes
Turn   | Place    | Note
-------+----------+-------------------------------------------
     0 | D:1      | mhoghedin the Demigod Transmuter began the quest for the
                  | Orb.
     0 | D:1      | Reached XP level 1. HP: 15/15 MP: 5/5
   105 | D:1      | Reached skill level 3 in Unarmed Combat
   106 | D:1      | HP: 3/15 [leopard gecko (2)]
   109 | D:1      | HP: 1/15 [bat (1)]
   410 | D:1      | Reached XP level 2. HP: 21/22 MP: 5/7
   698 | D:1      | Learned a level 2 spell: Sticks to Snakes
  1178 | D:1      | Reached XP level 3. HP: 27/27 MP: 8/8
  1242 | D:1      | Reached skill level 4 in Unarmed Combat
  1506 | D:2      | HP: 5/27 [worm (12)]
  1508 | D:2      | HP: 1/27 [worm (4)]
  1509 | D:2      | Slain by a worm

Levels and vault maps discovered:
D:1:      giann_forest_graveyard, layout_loops_ring, minmay_misc_feat_x,
          st_stairs_10
D:2:      layout_rooms, zin_academy, uniq_terence, uniq_crazy_yiuf_cottage

Skill      XL: |  1  2  3 |
---------------+----------+-----
Unarmed Combat | 3 4 |  4.2
Fighting       | |  0.8
Dodging        | |  1.7
Spellcasting   | |  1.7
Transmutations | |  1.7

Action                   || total
-------------------------++-------
Melee: Club              ||    50
       Unarmed           ||     4
       Headbutt          ||     3
       Punch             ||     1
       Hand axe          ||    35
       Kick              ||     9
 Cast: Beastly Appendage ||    19
 Stab: Sleeping          ||     1
  Eat: Chunk             ||     2
Armor: Robe              ||    31
Dodge: Dodged            ||    62

Table legend:
 A = Non-vault XP
 B = Vault XP
 C = Vault XP percentage of total XP
 D = Non-vault monster count
 E = Vault monster count
 F = Vault count percentage of total count
                 A         B        C        D         E       F
            +---------+---------+-------+---------+---------+-------
      Total |      64 |       6 |   8.6 |      31 |       4 |  11.4
            +---------+---------+-------+---------+---------+-------
        D:1 |      59 |       6 |   9.2 |      30 |       4 |  11.8
        D:2 |       5 |       0 |   0.0 |       1 |       0 |   0.0
            +---------+---------+-------+---------+---------+-------

Levels and vault maps discovered:
D:1:      giann_forest_graveyard, layout_loops_ring, minmay_misc_feat_x,
          st_stairs_10
D:2:      layout_rooms, zin_academy, uniq_terence, uniq_crazy_yiuf_cottage

Table legend:
 A = Turns spent in this place as a percentage of turns spent in the entire game.
 B = Non-inter-level travel turns spent in this place as a percentage of non-inter-level travel turns spent in the entire game.
 C = Inter-level travel turns spent in this place as a percentage of turns spent in this place.
 D = Turns resting spent in this place as a percentage of non-inter-level travel turns spent in this place.
 E = Turns spent auto-exploring this place as a percentage of non-inter-level travel turns spent in this place.
 F = Non-inter-level travel turns spent in this place divided by the number of levels of this place that you've seen.
                   A       B       C       D       E      F
               +-------+-------+-------+-------+-------+----------------------
         Total | 100.0 | 100.0 |   2.5 |  42.4 |  36.9 | 735.5
       Dungeon | 100.0 | 100.0 |   2.5 |  42.4 |  36.9 | 735.5
               +-------+-------+-------+-------+-------+----------------------

Table legend:
 A = Kills in this place as a percentage of kills in entire the game.
 B = Kills by you in this place as a percentage of kills by you in the entire game.
 C = Kills by friends in this place as a percentage of kills by friends in the entire game.
 D = Other kills in this place as a percentage of other kills in the entire game.
 E = Experience gained in this place as a percentage of experience gained in the entire game.
 F = Experience gained in this place divided by the number of levels of this place that you have seen.
                   A       B       C       D       E      F
               +-------+-------+-------+-------+-------+----------------------
         Total | 100.0 | 100.0 |   N/A |   N/A | 100.0 |  35.0
       Dungeon | 100.0 | 100.0 |   N/A |   N/A | 100.0 |  35.0
               +-------+-------+-------+-------+-------+----------------------
